 Dungeon Sprint DCSS version 0.19-a0-1071-g4ed3155 (webtiles) character file.

4302 Kidiri the Covert (level 10, -8/51 HPs)
             Began as a Spriggan Enchanter on Aug 5, 2016.
             Was a High Priest of Okawaru.
             Killed by the air
             ... invoked by Gastronok
              (23 damage)
             ... in the Dungeon (Sprint VII: "The Pits").
             The game lasted 00:07:34 (1034 turns).

Kidiri the Covert (Spriggan Enchanter)              Turns: 1034, Time: 00:07:34

Health: -8/51      AC:  3    Str:  4    XL:     10   Next: 11%
Magic:  15/26      EV: 33    Int: 21    God:    Okawaru [*****.]
Gold:   0          SH:  0    Dex: 19    Spells: 5 memorised, 19 levels left

rFire  . . .     SeeInvis +     a - +2 rapier (elec)
rCold  . . .     Gourm    .     b - +1 robe
rNeg   . . .     Faith    .     (shield restricted)
rPois  .         Spirit   .     (helmet restricted)
rElec  .         Dismiss  .     (no cloak)
rCorr  .         Reflect  .     (gloves unavailable)
SustAt .         Harm     .     (boots unavailable)
MR     +....     NoTele   +     (no amulet)
Stlth  +++++++...               q - +3 ring of evasion
                                p - +3 ring of intelligence

@: very quick
A: unfitting armour, see invisible, herbivore 3, speed 3, slow metabolism 2
a: Heroism, Finesse, Renounce Religion


You were in the Dungeon.
You worshipped Okawaru.
Okawaru was extremely pleased with you.
You were not hungry.

You visited 1 branch

Inventory:

Hand Weapons
 a - a +2 rapier of electrocution (weapon)
Armour
 b - a +1 robe (worn)
Jewellery
 p - a +3 ring of intelligence (left hand)
 q - a +3 ring of evasion (right hand)
Scrolls
 j - a scroll of blinking
 m - 3 scrolls of remove curse
 n - 5 scrolls of amnesia
 o - a scroll of summoning
Potions
 e - 8 potions of curing
 f - 5 potions of heal wounds
 g - a potion of haste
 h - 3 potions of magic
 i - 5 potions of berserk rage
 l - 2 potions of invisibility
 r - a potion of brilliance
 s - a potion of cure mutation
 t - a potion of agility
 u - a potion of might
Books
 c - a book of Maledictions

   Spells                             Type                      Level
   a - Corona                         Hexes                        1
   b - Ensorcelled Hibernation        Hexes/Ice                    2
   c - Confuse                        Hexes                        3
   d - Tukima's Dance                 Hexes                        3
   e - Dazzling Spray                 Conjuration/Hexes            3
Comestibles
 d - 8 bread rations
 k - 40 fruits


   Skills:
 + Level 5.4 Fighting
 * Level 10.2 Short Blades
 + Level 4.8 Armour
 * Level 13.0 Dodging
 * Level 14.2 Stealth
 * Level 11.2 Spellcasting
 + Level 4.4 Conjurations
 + Level 8.7 Hexes
 + Level 4.8 Ice Magic
 + Level 6.2 Invocations


You had 19 spell levels left.
You knew the following spells:

 Your Spells              Type           Power        Failure   Level  Hunger
a - Corona                Hex            #####..      1%          1    None
b - Ensorcelled Hibernat  Hex/Ice        #####.       1%          2    None
c - Confuse               Hex            #####...     1%          3    None
d - Tukima's Dance        Hex            #####...     1%          3    None
e - Dazzling Spray        Conj/Hex       #####.       1%          3    None


Dungeon Overview and Level Annotations

Branches:
Dungeon (1/1)

Altars:
Ashenzari
Cheibriados
Dithmenos
Elyvilon
Fedhas
Gozag
Kikubaaqudgha
Makhleb
Nemelex Xobeh
Okawaru
Pakellas
Qazlal
Ru
Sif Muna
Trog
Vehumet
Xom
Yredelemnul
Zin
The Shining One
Beogh
Jiyva
Lugonu

Annotations:
D Gastronok


Innate Abilities, Weirdness & Mutations

You are tiny and cannot use many weapons and most armour.
You have supernaturally acute eyesight. (SInv)
You are a herbivore.
You cover ground extremely quickly.
You need consume almost no food.


Message History

Gastronok is severely wounded.
Gastronok bites you!!
Ouch! That really hurt!
* * * LOW HITPOINT WARNING * * *
Unknown command.
You see here a deep troll corpse.
There is a large open door here.
You close the large door.
You start resting.
Something unseen opens the large door.
There is a large open door here.
Gastronok gurgles horribly!
You see here a hydra corpse.
There is a large open door here.
You close the large door.
You start resting.
Something unseen opens the large door.
There is a large open door here.
Gastronok waves his eye-stalks in wide circles.
The air twists around and strikes you!
You die...

...<...##...).##..##
.......##..)###....###
.......##..##)......%##
.......##''#...#..#...#
#########.w†)...%.....+
#########'+#...#..#...#
..#..[[##..##........##
..#..[[##...###....###
).+..))##.....##@.##
..#..))###.....'..+
..#..))# ###...'..+
######## ########


You could see Gastronok.

Vanquished Creatures
  A hydra (D)
  A death yak (D)
  A deep elf knight (D)
  A deep troll (D)
  A red devil (D)
  A jumping spider (D)
  A two-headed ogre (D)
  Grinder (D)
  A spriggan (D)
  A fire bat (D)
  A giant eyeball (D)
  An eye of draining (D)
  A big kobold (D)
  A giant frog (D)
  A scorpion (D)
  A killer bee (D)
  8 wights (D)
  A crimson imp (D)
  An iron imp (D)
  A river rat (D)
  An ufetubus (D)
  An adder skeleton (D)
  An orc (D)
  A bat skeleton (D)
  A bat zombie (D)
  A giant cockroach (D)
  A goblin (D)
  A hobgoblin (D)
  A quokka (D)
  A giant newt (D)
  A jackal skeleton (D)
38 creatures vanquished.

Notes
Turn   | Place    | Note
-------+----------+-------------------------------------------
     0 | D        | Kidiri the Spriggan Enchanter began the quest for the Orb.
     0 | D        | Reached XP level 1. HP: 9/9 MP: 5/5
    50 | D        | Found a sacrificial altar of Ru.
    50 | D        | Found a basalt altar of Yredelemnul.
    50 | D        | Found a shadowy altar of Dithmenos.
    50 | D        | Found a deep blue altar of Sif Muna.
    50 | D        | Found a burning altar of Makhleb.
    50 | D        | Found a shimmering altar of Xom.
    50 | D        | Found an ancient bone altar of Kikubaaqudgha.
    50 | D        | Found a sparkling altar of Nemelex Xobeh.
    51 | D        | Found a glowing golden altar of the Shining One.
    51 | D        | Found a bloodstained altar of Trog.
    51 | D        | Found a shattered altar of Ashenzari.
    51 | D        | Found a white marble altar of Elyvilon.
    51 | D        | Found a snail-covered altar of Cheibriados.
    51 | D        | Found a blossoming altar of Fedhas.
    51 | D        | Found a radiant altar of Vehumet.
    51 | D        | Found a glowing silver altar of Zin.
    51 | D        | Found a corrupted altar of Lugonu.
    51 | D        | Found a viscous altar of Jiyva.
    51 | D        | Found a roughly hewn altar of Beogh.
    51 | D        | Found an iron altar of Okawaru.
    52 | D        | Found an oddly glowing altar of Pakellas.
    55 | D        | Found a stormy altar of Qazlal.
    56 | D        | Found an opulent altar of Gozag.
    58 | D        | Became a worshipper of Warmaster Okawaru
    74 | D        | Noticed a giant eyeball
    82 | D        | Reached skill level 5 in Stealth
    90 | D        | Paralysed by a giant eyeball for 2 turns
    92 | D        | Killed a giant eyeball
    92 | D        | Reached * piety under Okawaru
    92 | D        | Reached skill level 1 in Fighting
    92 | D        | Reached skill level 1 in Armour
    92 | D        | Reached skill level 5 in Dodging
    92 | D        | Reached skill level 7 in Stealth
    92 | D        | Reached skill level 5 in Spellcasting
    92 | D        | Reached XP level 2. HP: 15/15 MP: 6/9
    92 | D        | Reached XP level 3. HP: 18/18 MP: 6/10
    92 | D        | Reached XP level 4. HP: 23/23 MP: 7/12
    96 | D        | Learned a level 2 spell: Ensorcelled Hibernation
   100 | D        | Learned a level 3 spell: Confuse
   104 | D        | Learned a level 3 spell: Tukima's Dance
   108 | D        | Learned a level 3 spell: Dazzling Spray
   145 | D        | Noticed Grinder
   173 | D        | Killed Grinder
   173 | D        | Reached ** piety under Okawaru
   173 | D        | Reached skill level 5 in Short Blades
   173 | D        | Reached skill level 9 in Stealth
   173 | D        | Reached skill level 1 in Conjurations
   173 | D        | Reached skill level 5 in Hexes
   173 | D        | Reached skill level 1 in Ice Magic
   173 | D        | Reached XP level 5. HP: 27/27 MP: 6/15
   173 | D        | Reached XP level 6. HP: 32/32 MP: 6/16
   264 | D        | Noticed a fire bat
   268 | D        | Killed a fire bat
   268 | D        | Reached skill level 10 in Stealth
   277 | D        | Reached XP level 7. HP: 36/36 MP: 14/19
   325 | D        | Reached *** piety under Okawaru
   423 | D        | Noticed a red devil
   423 | D        | Noticed a jumping spider
   431 | D        | Reached skill level 11 in Stealth
   485 | D        | Reached skill level 10 in Dodging
   745 | D        | Killed a jumping spider
   745 | D        | Reached XP level 8. HP: 42/42 MP: 17/21
   785 | D        | Killed a red devil
   785 | D        | Reached **** piety under Okawaru
   908 | D        | Noticed a two-headed ogre
   913 | D        | Killed a two-headed ogre
   913 | D        | Reached skill level 12 in Stealth
   915 | D        | Reached skill level 5 in Invocations
   922 | D        | Noticed a deep elf knight
   925 | D        | Noticed a death yak
   927 | D        | Killed a deep elf knight
   927 | D        | Reached skill level 10 in Spellcasting
   927 | D        | Reached XP level 9. HP: 46/46 MP: 22/24
   930 | D        | Reached skill level 13 in Stealth
   936 | D        | Killed a death yak
   936 | D        | Reached ***** piety under Okawaru
   936 | D        | Reached skill level 5 in Fighting
   955 | D        | Noticed Gastronok
   955 | D        | Noticed a six-headed hydra
   955 | D        | Noticed a deep troll
   966 | D        | Killed a deep troll
   980 | D        | Killed a six-headed hydra
   980 | D        | Received a gift from Okawaru
   980 | D        | Reached skill level 10 in Short Blades
   980 | D        | Reached skill level 14 in Stealth
   980 | D        | Reached XP level 10. HP: 51/51 MP: 16/26
  1034 | D        | Killed from afar by Gastronok

Vault maps used:
D:        pitsprint

Skill      XL: |  1  2  3  4  5  6  7  8  9 |
---------------+----------------------------+-----
Stealth        | 7 9 10 11 12 14 | 14.2
Spellcasting   | 5 6 7 8 10 11 | 11.2
Fighting       | 1 2 3 4 5 |  5.4
Short Blades   | 4 5 6 7 9 10 | 10.2
Armour         | 1 2 3 4 |  4.8
Dodging        | 5 7 8 10 11 13 | 13.0
Hexes          | 4 5 6 7 8 |  8.7
Invocations    | 2 3 4 5 6 |  6.2
Conjurations   | 1 2 3 4 |  4.4
Ice Magic      | 1 2 3 4 |  4.8

Action                   |  1- 3 |  4- 6 |  7- 9 | 10-12 || total
-------------------------+-------+-------+-------+-------++-------
Melee: Dagger            |    17 |    21 |    29 |       ||    67
       Rapier            |       |       |    10 |     9 ||    19
 Cast: Ensorcelled Hiber |       |     2 |     8 |     1 ||    11
       Confuse           |       |     2 |    10 |     3 ||    15
       Dazzling Spray    |       |       |     5 |     8 ||    13
Invok: Heroism           |       |       |     4 |       ||     4
  Use: Potion            |       |       |     1 |     3 ||     4
 Stab: Sleeping          |     1 |     9 |    14 |       ||    24
       Confused          |       |     1 |     4 |       ||     5
       Invisible         |       |       |     1 |       ||     1
Armor: Robe              |     5 |       |       |       ||     5
Dodge: Dodged            |    13 |     1 |    41 |     6 ||    61
